 Dungeon Crawl Stone Soup version 0.20-a0-1089-g3fde505 (console) character file.

622001 nht the Sniper (level 27, -1/246 HPs)
             Began as a Minotaur Hunter on May 2, 2017.
             Was the Champion of Okawaru.
             Slain by a white draconian monk (37 damage)
             ... on level 4 of the Realm of Zot on May 3, 2017.
             The game lasted 02:42:11 (51390 turns).

nht the Sniper (Minotaur Hunter)                   Turns: 51390, Time: 02:42:12

Health: -1/246     AC: 45    Str: 33    XL:     27
Magic:  32/32      EV: 23    Int: 12    God:    Okawaru [******]
Gold:   6103       SH:  0    Dex: 17    Spells: 26/26 levels left

rFire    + . .     SeeInvis +   b - +7 executioner's axe (flame)
rCold    + + +     Gourm    .   (shield currently unavailable)
rNeg     . . .     Faith    .   g - +12 gold dragon scales
rPois    +         Spirit   .   (helmet unavailable)
rElec    +         Reflect  .   F - scarf of Yto Zilu {rElec}
rCorr    .         Harm     .   j - +2 pair of gloves {Dex+3}
MR       ++...                  T - +1 pair of boots {Stlth+}
Stlth    ..........             p - amulet of regeneration
Regen    1.0/turn               V - ring of the Ageless Friends {rC++ Str+4 SInv Stlth-}
MPRegen  0.3/turn               W - ring "Niasoip" {rElec EV+5 Dex+2}

@: about to teleport
A: retaliatory headbutt, horns 3, clever 2, cold resistance 1, shaggy fur 1,
wild magic 1
}: 3/15 runes: decaying, silver, gossamer
a: Heroism, Finesse, Renounce Religion


You were on level 4 of the Realm of Zot.
You worshipped Okawaru.
Okawaru was exalted by your worship.
You were not hungry.

You visited 10 branches of the dungeon, and saw 49 of its levels.
You visited the Abyss 2 times.
You also visited: Ice Cave.

You collected 7602 gold pieces.
You spent 1499 gold pieces at shops.

Inventory:

Hand Weapons
 a - a +9 triple crossbow of velocity
 b - a +7 executioner's axe of flaming (weapon)
Missiles
 d - 1597 bolts
Armour
 g - +12 gold dragon scales (worn)
 j - a +2 pair of gloves of dexterity (worn)
 F - the scarf of Yto Zilu (worn) {rElec}
   (Okawaru gifted it to you on level 5 of the Vaults)

   It insulates you from electricity.
 H - the +2 hat "Viofitz" {rF+ rCorr}
   (Okawaru gifted it to you on level 2 of the Depths)

   It protects you from fire.
   It protects you from acid and corrosion.
 Q - a cursed -2 cloak
 T - a +1 pair of boots of stealth (worn)
Jewellery
 p - an amulet of regeneration (around neck)
 s - the ring of the Jester {+Fly MR+ Str+2 Int+6 Stlth+}
   (You took it off Donald on level 3 of the Elven Halls)

   [ring of flight]

   It affects your strength (+2).
   It affects your intelligence (+6).
   It affects your resistance to hostile enchantments.
   It lets you fly.
   It makes you more stealthy.
 z - the ring "Xotoidel" {rC+ rN++ MP+9 Int+4}
   (You took it off a deep elf death mage on level 3 of the Elven Halls)

   [ring of intelligence]

   It affects your intelligence (+4).
   It protects you from cold.
   It greatly protects you from negative energy.
   It affects your magic capacity (+9).
 G - the ring of Ninia {*Contam rF+ rC+++ Str+8 Slay-5}
   (You took it off a yaktaur on level 5 of the Vaults)

   [ring of protection from fire]

   It affects your strength (+8).
   It affects your accuracy and damage with ranged weapons and melee attacks
   (-5).
   It protects you from fire.
   It renders you almost immune to cold.
   It causes magical contamination when unequipped.
 M - the ring of Suspected Treachery {rElec MR+ Slay+2 Stlth-}
   (You found it on level 3 of the Elven Halls)

   [ring of loudness]

   It affects your accuracy and damage with ranged weapons and melee attacks
   (+2).
   It insulates you from electricity.
   It affects your resistance to hostile enchantments.
   It makes you less stealthy.
 V - the ring of the Ageless Friends (left hand) {rC++ Str+4 SInv Stlth-}
   (You found it on level 12 of the Dungeon)

   [ring of strength]

   It affects your strength (+4).
   It greatly protects you from cold.
   It lets you see invisible.
   It makes you less stealthy.
 W - the ring "Niasoip" (right hand) {rElec EV+5 Dex+2}
   (You found it on level 1 of the Depths)

   [ring of evasion]

   It affects your evasion (+5).
   It affects your dexterity (+2).
   It insulates you from electricity.
Wands
 m - a wand of digging (12/24)
 t - a wand of iceblast (9/15)
 A - a wand of lightning (5/15)
 J - a wand of disintegration (12/24)
 O - a wand of confusion (29/48)
 S - a wand of iceblast (3/15)
 U - a wand of digging (13/24)
Scrolls
 c - 12 scrolls of teleportation
 e - 13 scrolls of fog
 o - 5 scrolls of recharging
 q - a scroll of holy word
 r - 21 scrolls of remove curse
 y - 6 scrolls of magic mapping
 I - 2 scrolls of fear
 P - 2 scrolls of silence
 X - 6 scrolls of blinking
 Y - a scroll of summoning
Potions
 h - 15 potions of curing
 i - 6 potions of cancellation
 l - a potion of invisibility
 n - 6 potions of heal wounds
 u - 11 potions of flight
 v - 5 potions of haste
 w - 11 potions of might
 C - 5 potions of berserk rage
 D - a potion of resistance
 E - 7 potions of mutation
 K - 10 potions of agility
 L - a potion of ambrosia
Books
 x - a book of Minor Magic

   Spells                             Type                      Level
   a - Magic Dart                     Conjuration                  1
   b - Blink                          Translocation                2
   c - Call Imp                       Summoning                    2
   d - Slow                           Hexes                        2
   e - Conjure Flame                  Conjuration/Fire             3
   f - Mephitic Cloud                 Conjuration/Poison/Air       3
Comestibles
 f - 23 bread rations
 k - 23 meat rations
 B - 27 royal jellies
 N - 16 chunks of flesh
 R - 23 fruits


   Skills:
 - Level 20.3 Fighting
 + Level 25.9 Axes
 - Level 26.2 Crossbows
 - Level 23.8 Armour
 - Level 17.7 Dodging
 - Level 0.7 Stealth
   Level 10.7 Translocations
 - Level 14.1 Invocations


You had 26 spell levels left.
You didn't know any spells.

Dungeon Overview and Level Annotations

Branches:
Dungeon (15/15)            Temple (1/1) D:6            Lair (6/6) D:9
  Swamp (4/4) Lair:2       Spider (4/4) Lair:4        Slime (0/5) Lair:6
    Orc (2/2) D:10            Elf (3/3) Orc:2        Vaults (5/5) D:13
  Crypt (0/3) Vaults:3     Depths (5/5) D:15            Zot (4/5) Depths:5

Altars:
Ashenzari
Cheibriados
Dithmenos
Elyvilon
Fedhas
Gozag
Hepliaklqana
Kikubaaqudgha
Makhleb
Nemelex Xobeh
Okawaru
Qazlal
Ru
Sif Muna
Trog
Uskayaw
Vehumet
Wu Jian
Xom
Yredelemnul
Zin
The Shining One
Beogh

Shops:
D:4 :   Orc:1 [   Orc:2 [[(*   Vaults:1 ?   Vaults:4 =:   Depths:2 ?

Portals:
Hell: Depths:1 Depths:2 Depths:3 Depths:4 Depths:5
Abyss: Depths:2 Depths:4
Pandemonium: Depths:1 Depths:3
Ziggurat: Depths:2

Annotations:
Elf:2 1 runed door
Vaults:3 Sojobo


Innate Abilities, Weirdness & Mutations

You reflexively headbutt those who attack you in melee.
You have a pair of large horns on your head.
Your mind is very acute. (Int +4)
Your flesh is cold resistant. (rC+)
You are covered in fur. (AC +1)
Your spells are a little harder to cast, but a little more powerful.


Message History

The white draconian monk rages.
The white draconian monk hits you!!
* * * LOW HITPOINT WARNING * * *
The white draconian monk kicks you but does no damage.
The white draconian monk tail-slaps you but does no damage.
There is a large open door, spattered with blood here.
Unknown command.
The white draconian monk hits you but does no damage.
The white draconian monk kicks you.
* * * LOW HITPOINT WARNING * * *
The white draconian monk tail-slaps you but does no damage.
The white draconian monk hits you but does no damage.
The white draconian monk misses you.
The white draconian monk completely misses you.
The white draconian monk rages.
The white draconian monk hits you but does no damage.
The white draconian monk kicks you but does no damage.
The white draconian monk tail-slaps you but does no damage.
The white draconian monk hits you!!!
You die... ██.......█ █.......█ █..... ██.......███.......█ █..... ██.............)^)[████ █..... █...████......██..)...██ ██████ .....███.....[█..████..██ █████

.....))........[██████[.██ ██....
..........███..███..███..███.....
......█.......███....███.......█.
..█..███..██████@.█...██████..███
....█████..█ ██qq..█...██ █..████
>..███████.███d.........███.█████
█...█████████y..█.....█..████████
..█..███████'..█.....█...)███ ██
████..███ █['█..........█')██ ██.
█ ██..███.[███...█....███..███..
█ █████..█████...█..█████.)██ █
█''██≈.≈██....██≈.≈██''██


You could see 2 draconians, a black draconian (berserk) and a moth of wrath.

Vanquished Creatures
  2 orbs of fire
  Mara (Depths:3)
  An ancient lich (Depths:3)
  Mennas (Vaults:3)
  Saint Roka (Orc:2)
  Bai Suzhen (Swamp:4)
  Margery (Depths:3)
  2 curse toes (Zot:4)
  A Killer Klown (Zot:4)
  9 golden dragons
  Jory (Depths:3)
  Nikola (Elf:3)
  4 bone dragons
  4 liches
  An electric golem (Zot:3)
  Jorgrun (Elf:3)
  12 tentacled monstrosities
  2 deep elf master archers (Elf:3)
  Asterion (Elf:2)
  10 titans (Vaults:5)
  5 quicksilver dragons
  A deep elf blademaster (Elf:3)
  7 death cobs
  An ancient champion (Vaults:3)
  4 sphinxes
  The ghost of theAP the Slayer, an adept GrFi of Okawaru (Elf:3)
  10 tengu reavers
  5 thorn hunters
  7 storm dragons
  16 shadow dragons
  Donald (Elf:3)
  5 draconian monks
  Agnes (Lair:4)
  Kirke (D:15)
  Roxanne (Elf:2)
  Louise (Elf:2)
  11 emperor scorpions
  3 draconian knights
  4 fire giants
  10 deep elf sorcerers
  2 draconian scorchers
  11 frost giants
  17 vault wardens
  5 ghost moths
  A balrug (Depths:3)
  An orc warlord (Orc:2)
  2 iron dragons
  3 draconian annihilators
  A draconian shifter (Depths:5)
  6 deep elf elementalists
  28 very ugly things
  Aizul (Swamp:4)
  2 spriggan defenders (Depths:4)
  21 ironheart preservers
  18 stone giants
  3 war gargoyles
  2 vampire knights
  4 green draconians
  6 entropy weavers
  3 deep elf demonologists
  Azrael (Orc:2)
  6 red draconians
  8 deep elf annihilators
  5 purple draconians
  8 black draconians
  9 spark wasps
  5 white draconians
  6 yellow draconians
  The ghost of Paps the Unseen, a journeyman OpAs of Dithmenos (Lair:4)
  8 deep elf death magi
  8 fire dragons
  An eidolon (Vaults:3)
  A blizzard demon (Depths:3)
  15 ettins
  Josephine (D:15)
  8 great orbs of eyes
  11 deep elf high priests
  8 rakshasas
  24 yaktaur captains
  Fannar (Lair:3)
  28 hydras
  14 ice dragons
  4 spriggan air magi
  6 ghost crabs
  An anaconda (shapeshifter) (Vaults:5)
  40 vault guards
  9 centaur warriors
  10 alligators
  2 catoblepae
  41 two-headed ogres
  30 dancing weapons
  3 death knights
  An anaconda (Swamp:4)
  15 ogre magi
  A queen ant (Spider:4)
  A two-headed ogre (shapeshifter) (Vaults:5)
  4 vampire magi
  8 deep troll shamans
  3 death yaks (D:9)
  10 deep troll earth magi
  17 tengu warriors
  A thrashing horror (Abyss:2)
  18 deep elf knights
  3 soul eaters (Depths:3)
  13 spriggan berserkers
  An orc high priest (Orc:2)
  A shock serpent (shapeshifter) (Vaults:5)
  2 wretched stars (Abyss:2)
  6 iron trolls
  3 sun demons (Depths:3)
  2 skeletal warriors (Depths:3)
  3 hell knights (Depths:3)
  2 shadow wraiths
  2 unseen horrors
  9 swamp dragons
  4 glowing orange brains
  An unseen horror (shapeshifter) (Depths:1)
  3 spectral hydras (Swamp:4)
  6 flayed ghosts
  A death drake (Swamp:4)
  28 deep trolls
  9 starcursed masses (Abyss:2)
  6 wizards
  23 deep elf archers
  An infernal demonspawn (Depths:1)
  2 spriggan druids
  2 quicksilver dragon simulacra (Depths:3)
  7 phantasmal warriors
  16 ironbrand convokers
  6 shambling mangroves
  5 harpies (Vaults:3)
  4 necromancers
  Pikel (D:4)
  72 deep elf magi
  42 wolf spiders
  A cyclops (shapeshifter) (D:14)
  6 oklob plants
  5 orc sorcerers
  A shining eye (Lair:6)
  10 orc knights
  23 orb spiders
  48 ugly things
  A mana viper (shapeshifter) (Vaults:5)
  5 manticores
  3 worldbinders (Abyss:2)
  3 cyclopes
  A manticore (shapeshifter) (Depths:4)
  A frost giant zombie (Abyss:2)
  23 moths of wrath
  7 ice statues
  16 elephants
  8 rust devils (Depths:3)
  4 black mambas
  A frost giant skeleton (Vaults:4)
  An orange demon (Abyss:2)
  15 vault sentinels
  5 torpor snails
  An eye of devastation (Abyss:2)
  A smoke demon (Abyss:2)
  20 spiny frogs
  10 komodo dragons
  A yaktaur (shapeshifter) (Vaults:4)
  5 rime drakes
  2 swamp worm zombies (Swamp:4)
  7 freezing wraiths
  A hellion (Depths:1)
  48 yaktaurs
  16 demonic crawlers
  2 efreet
  A hydra zombie (Swamp:4)
  An ice devil (Depths:1)
  8 trolls
  2 red devils (Depths:3)
  A polar bear (shapeshifter) (Depths:1)
  An anaconda simulacrum (IceCv)
  8 tengu conjurers
  A troll (shapeshifter) (Depths:3)
  37 jumping spiders
  A hornet (shapeshifter) (Vaults:1)
  4 tyrant leeches
  5 polar bears
  18 blink frogs
  10 bog bodies
  33 slime creatures
  An ice dragon zombie (Abyss:2)
  27 hornets
  A blink frog (shapeshifter) (Vaults:4)
  7 alligator zombies (Swamp:4)
  2 spectral swamp dragons (Swamp:4)
  A raiju (shapeshifter) (Vaults:4)
  9 dream sheep (Lair:6)
  An ettin zombie (Vaults:4)
  A frost giant simulacrum (Vaults:2)
  A human simulacrum (Vaults:2)
  10 hippogriffs
  4 flying skulls (Depths:3)
  A snapping turtle (shapeshifter) (Vaults:4)
  2 tarantellas (shapeshifter)
  85 redbacks
  11 shadows
  36 tarantellas
  The ghost of Shinoi the Conjurer, an amateur DECj (D:4)
  8 air elementals
  6 wyverns
  A water elemental (D:13)
  24 spriggans
  8 wraiths
  5 basilisks
  6 fire elementals
  A golden eye (shapeshifter) (Vaults:1)
  A yak (shapeshifter) (Vaults:1)
  A basilisk (shapeshifter) (Vaults:3)
  16 large abominations
  26 yaks
  5 hogs
  3 humans
  A steam dragon (Lair:2)
  2 chaos spawn
  2 hungry ghosts
  13 small abominations
  2 neqoxecs (Depths:1)
  An iron troll simulacrum (IceCv)
  A harpy simulacrum (IceCv)
  28 vampire mosquitoes
  5 insubstantial wisps (Swamp:4)
  15 soldier ants (Spider:4)
  21 swamp worms
  5 wargs
  A water moccasin (shapeshifter) (Vaults:4)
  6 hydra simulacra (IceCv)
  10 porcupines
  16 water moccasins
  9 hell hounds
  48 orc warriors
  5 swamp drakes
  An ice beast (shapeshifter) (Vaults:5)
  8 black bears
  An eye of draining (D:9)
  8 phantoms
  3 sky beasts
  7 ettin simulacra (Depths:3)
  9 ice beasts
  41 ogres
  9 boggarts
  4 necrophages
  10 centaurs
  6 swamp dragon zombies (Swamp:4)
  23 wolves
  12 crocodiles
  A big kobold (D:7)
  Blork the orc (D:4)
  18 bullfrogs
  A gnoll sergeant (D:11)
  2 earth elementals
  A scorpion (D:13)
  A troll zombie (D:12)
  2 wyvern skeletons
  7 killer bees
  A troll skeleton (D:12)
  3 electric eels
  7 howler monkeys
  8 crimson imps
  5 centaur zombies
  A bullfrog zombie (D:13)
  5 hounds
  2 quasits
  7 human zombies
  5 centaur skeletons
  24 orc priests
  2 iron imps (Depths:1)
  19 orc wizards
  2 bullfrog skeletons
  Jessica (D:2)
  An iguana (D:8)
  2 human skeletons
  26 worker ants
  A hell rat (D:9)
  2 mummies (D:12)
  A hound skeleton (D:7)
  A hound zombie (D:10)
  2 worker ant zombies
  Robin (D:4)
  4 gnolls (D:11)
  13 adders
  3 swamp drake zombies (Swamp:4)
  4 shadow imps
  A white imp (Depths:1)
  2 ufetubi
  3 worms
  5 dart slugs
  8 leopard geckos
  113 orcs
  6 bats
  4 giant cockroaches
  15 goblins
  2 hobgoblins
  6 jackals
  8 quokkas
  2 ball pythons (Swamp:4)
  3 frilled lizards
  11 kobolds
  A leopard gecko skeleton (D:9)
  14 rats
  3 crawling corpses (Vaults:5)
  A fungus (Lair:6)
2450 creatures vanquished.

Vanquished Creatures (others)
  A fire giant (Depths:4)
  A jumping spider (Spider:2)
  3 dream sheep (Lair:6)
  A human (D:15)
  A swamp drake (Swamp:3)
  An ogre (Vaults:3)
  A centaur (D:7)
  An adder (D:7)
  A giant cockroach (D:4)
  13 fungi
  6 pillars of salt (Vaults:4)
  10 plants (Lair:3)
  7 toadstools (D:1)
47 creatures vanquished.

Grand Total: 2497 creatures vanquished

Notes
Turn   | Place    | Note
-------+----------+-------------------------------------------
     0 | D:1      | nht the Minotaur Hunter began the quest for the Orb.
     0 | D:1      | Reached XP level 1. HP: 18/18 MP: 0/0
   196 | D:1      | Reached XP level 2. HP: 25/25 MP: 1/1
   211 | D:1      | Reached skill level 5 in Crossbows
   557 | D:2      | Noticed Jessica
   558 | D:2      | Killed Jessica
   558 | D:2      | Reached XP level 3. HP: 30/30 MP: 2/2
   606 | D:2      | Reached skill level 6 in Crossbows
   627 | D:2      | Found an ornate altar of the Wu Jian Council.
   672 | D:2      | Reached XP level 4. HP: 37/37 MP: 3/3
   722 | D:2      | Found a basalt altar of Yredelemnul.
  1356 | D:3      | Found a faded altar of an unknown god.
  1629 | D:3      | Reached XP level 5. HP: 42/42 MP: 4/4
  1662 | D:3      | Reached skill level 7 in Crossbows
  2044 | D:4      | Noticed an ogre
  2048 | D:4      | Killed an ogre
  2048 | D:4      | Reached skill level 8 in Crossbows
  2048 | D:4      | Reached XP level 6. HP: 50/50 MP: 5/5
  2073 | D:4      | Noticed Pikel
  2073 | D:4      | Noticed a slave
  2073 | D:4      | Noticed a slave
  2079 | D:4      | Noticed a slave
  2080 | D:4      | Noticed a slave
  2088 | D:4      | HP: 2/50 [Pikel/whip of electrocution (12)]
  2101 | D:4      | Noticed Shinoi's ghost (amateur DECj)
  2111 | D:4      | HP: 2/50 [Pikel/whip of electrocution (4)]
  2132 | D:4      | Killed Pikel
  2132 | D:4      | Reached skill level 9 in Crossbows
  2132 | D:4      | Reached XP level 7. HP: 22/56 MP: 6/6
  2217 | D:4      | Reached skill level 10 in Crossbows
  2378 | D:4      | Killed Shinoi's ghost
  2398 | D:4      | Found Ruhir's Book Shoppe.
  2425 | D:4      | Noticed Robin
  2430 | D:4      | Killed Robin
  2604 | D:4      | Reached XP level 8. HP: 62/62 MP: 7/7
  2671 | D:4      | Noticed Blork the orc
  2681 | D:4      | Killed Blork the orc
  2681 | D:4      | Reached skill level 5 in Axes
  3098 | D:5      | Entered Level 5 of the Dungeon
  3538 | D:6      | Found a shattered altar of Ashenzari.
  4058 | D:6      | Found a staircase to the Ecumenical Temple.
  4146 | Temple   | Entered the Ecumenical Temple
  4307 | Temple   | Became a worshipper of Warmaster Okawaru
  4659 | D:7      | Found a glowing golden altar of the Shining One.
  4736 | D:7      | Reached skill level 11 in Crossbows
  4861 | D:7      | Noticed a hippogriff
  4867 | D:7      | Killed a hippogriff
  4867 | D:7      | Reached * piety under Okawaru
  4867 | D:7      | Reached XP level 9. HP: 68/68 MP: 8/8
  4948 | D:7      | Found a radiant altar of Vehumet.
  4970 | D:7      | Noticed an angel
  4971 | D:7      | Found a glowing silver altar of Zin.
  5738 | D:8      | Reached skill level 12 in Crossbows
  5750 | D:8      | Reached ** piety under Okawaru
  5836 | D:8      | Reached skill level 13 in Crossbows
  5836 | D:8      | Reached skill level 1 in Invocations
  6700 | D:9      | Reached *** piety under Okawaru
  6700 | D:9      | Reached XP level 10. HP: 70/74 MP: 7/11
  7002 | D:9      | Reached skill level 14 in Crossbows
  7014 | D:9      | Noticed a death yak
  7025 | D:9      | Found a staircase to the Lair.
  7025 | D:9      | Noticed a death yak
  7026 | D:9      | Noticed a death yak
  7034 | D:9      | Killed a death yak
  7034 | D:9      | Received a gift from Okawaru
  7034 | D:9      | Received a gift from Okawaru
  7042 | D:9      | Killed a death yak
  7042 | D:9      | Reached **** piety under Okawaru
  7042 | D:9      | Reached skill level 5 in Invocations
  7295 | D:9      | Killed a death yak
  7295 | D:9      | Received a gift from Okawaru
  7295 | D:9      | Reached skill level 15 in Crossbows
  7360 | D:9      | Noticed a two-headed ogre
  7415 | D:9      | Killed a two-headed ogre
  7671 | D:10     | Entered Level 10 of the Dungeon
  7695 | D:10     | Noticed a two-headed ogre
  7701 | D:10     | Killed a two-headed ogre
  7701 | D:10     | Reached XP level 11. HP: 53/80 MP: 11/14
  7715 | D:10     | Received a gift from Okawaru
  7809 | D:10     | Found a staircase to the Orcish Mines.
  7831 | D:10     | Reached skill level 1 in Armour
  8278 | Lair:1   | Entered Level 1 of the Lair of Beasts
  8278 | Lair:1   | Noticed a four-headed hydra
  8286 | Lair:1   | Killed a four-headed hydra
  8286 | Lair:1   | Received a gift from Okawaru
  8286 | Lair:1   | Reached skill level 16 in Crossbows
  8382 | Lair:1   | Received a gift from Okawaru
  8519 | Lair:1   | Reached ***** piety under Okawaru
  8559 | Lair:1   | Noticed a six-headed hydra
  8564 | Lair:1   | Killed a six-headed hydra
  8566 | Lair:1   | Identified 2 scrolls of acquirement
  8567 | Lair:1   | Got a brightly glowing bronze ring
  8569 | Lair:1   | Identified the ring of Noagiedd {EV+5 Str+7} (You acquired it on level 1 of the Lair of Beasts)
  8783 | Lair:1   | Received a gift from Okawaru
  8843 | Lair:2   | Noticed a seven-headed hydra
  8891 | Lair:2   | Received a gift from Okawaru
  8907 | Lair:2   | Found a staircase to the Swamp.
  9100 | Lair:2   | Reached skill level 5 in Fighting
  9228 | Lair:2   | Killed a seven-headed hydra
  9228 | Lair:2   | Received a gift from Okawaru
  9228 | Lair:2   | Reached skill level 5 in Armour
  9228 | Lair:2   | Reached XP level 12. HP: 94/94 MP: 13/16
 10091 | Lair:3   | Noticed a four-headed hydra
 10107 | Lair:3   | Killed a four-headed hydra
 10107 | Lair:3   | Received a gift from Okawaru
 10107 | Lair:3   | Reached skill level 17 in Crossbows
 10125 | Lair:3   | Noticed Fannar
 10136 | Lair:3   | Killed Fannar
 10136 | Lair:3   | Reached ****** piety under Okawaru
 10136 | Lair:3   | Received a gift from Okawaru
 11065 | Lair:3   | Got a pitted ring mail
 11076 | Lair:3   | Identified the +1 ring mail of Courage {rCorr Str+2} (You found it on level 3 of the Lair of Beasts)
 11172 | Lair:3   | Noticed a five-headed hydra
 11177 | Lair:3   | Killed a five-headed hydra
 11177 | Lair:3   | Received a gift from Okawaru
 11371 | Lair:3   | Received a gift from Okawaru
 11501 | Lair:3   | Received a gift from Okawaru
 11514 | Lair:3   | Reached XP level 13. HP: 81/105 MP: 18/18
 11936 | Lair:4   | Received a gift from Okawaru
 12145 | Lair:4   | Noticed Paps's ghost (journeyman OpAs)
 12168 | Lair:4   | Killed Paps's ghost
 12168 | Lair:4   | Reached skill level 18 in Crossbows
 12362 | Lair:4   | Received a gift from Okawaru
 12741 | Lair:4   | Found a hole to the Spider Nest.
 12962 | Lair:5   | Got a spiked chain mail
 12973 | Lair:5   | Identified the +1 chain mail "Ymomeex" {rPois Dex+4 Slay+2} (You found it on level 5 of the Lair of Beasts)
 13062 | Lair:5   | Received a gift from Okawaru
 13862 | Lair:6   | Entered Level 6 of the Lair of Beasts
 13867 | Lair:6   | Reached skill level 10 in Invocations
 14034 | Lair:6   | Received a gift from Okawaru
 14043 | Lair:6   | Reached skill level 19 in Crossbows
 14049 | Lair:6   | Received a gift from Okawaru
 14204 | Lair:6   | Received a gift from Okawaru
 14297 | Lair:6   | Reached XP level 14. HP: 95/118 MP: 14/20
 14441 | Lair:6   | Received a gift from Okawaru
 14460 | Lair:6   | Reached skill level 20 in Crossbows
 14543 | Lair:6   | Received a gift from Okawaru
 14544 | Lair:6   | Got a dazzling ring mail {god gift}
 14555 | Lair:6   | Identified the +6 ring mail "Datsa" {-Tele Int+4 Dex+2} (Okawaru gifted it to you on level 6 of the Lair of Beasts)
 14890 | Lair:6   | Gained mutation: You expend magic power (3 MP) to strengthen your wands. [a shining eye]
 14903 | Lair:6   | Found a staircase to the Slime Pits.
 15925 | D:12     | Got a steaming jade ring
 15927 | D:12     | Identified the ring of the Ageless Friends {rC++ Str+4 SInv Stlth-} (You found it on level 12 of the Dungeon)
 16435 | D:12     | Found an ancient bone altar of Kikubaaqudgha.
 16578 | D:13     | Reached skill level 21 in Crossbows
 16638 | D:13     | Found a sacrificial altar of Ru.
 17157 | D:13     | Found a gate to the Vaults.
 17584 | Orc:1    | Entered Level 1 of the Orcish Mines
 17584 | Orc:1    | Found a roughly hewn altar of Beogh.
 17589 | Orc:1    | Received a gift from Okawaru
 17710 | Orc:1    | Found Dafaiji's Armour Shoppe.
 18107 | Orc:2    | Entered Level 2 of the Orcish Mines
 18127 | Orc:2    | Found a staircase to the Elven Halls.
 18383 | Orc:2    | Found a roughly hewn altar of Beogh.
 18466 | Orc:2    | Found a roughly hewn altar of Beogh.
 18499 | Orc:2    | Found a roughly hewn altar of Beogh.
 18574 | Orc:2    | Found a roughly hewn altar of Beogh.
 18577 | Orc:2    | Found Zozeunn's Armour Emporium.
 18646 | Orc:2    | Noticed an orc warlord
 18658 | Orc:2    | Killed an orc warlord
 18658 | Orc:2    | Reached XP level 15. HP: 124/124 MP: 14/21
 18767 | Orc:2    | Noticed Azrael
 18792 | Orc:2    | Killed Azrael
 18792 | Orc:2    | Received a gift from Okawaru
 18805 | Orc:2    | Found a roughly hewn altar of Beogh.
 18951 | Orc:2    | Found a roughly hewn altar of Beogh.
 18968 | Orc:2    | Found Qigin's Assorted Antiques.
 19066 | Orc:2    | Received a gift from Okawaru
 19075 | Orc:2    | Noticed Saint Roka
 19085 | Orc:2    | Killed Saint Roka
 19094 | Orc:2    | Reached skill level 22 in Crossbows
 19154 | Orc:2    | Found Fazareb's Antique Weapon Shoppe.
 19155 | Orc:2    | Found a roughly hewn altar of Beogh.
 19160 | Orc:2    | Found Bojirel's Antique Armour Emporium.
 19171 | Orc:2    | Bought a glowing cloak for 127 gold pieces
 19171 | Orc:2    | Bought a brightly glowing scale mail for 153 gold pieces
 19181 | Orc:2    | Identified the +5 scale mail "Utwow" {rC+ rCorr Dex+4} (You bought it in a shop on level 2 of the Orcish Mines)
 19665 | D:14     | Found a hide-covered altar of Uskayaw.
 19673 | D:14     | Received a gift from Okawaru
 19737 | D:14     | Reached skill level 10 in Armour
 19738 | D:14     | Reached skill level 5 in Dodging
 19751 | D:14     | Reached skill level 10 in Fighting
 20098 | D:15     | Entered Level 15 of the Dungeon
 20122 | D:15     | Received a gift from Okawaru
 20370 | D:15     | Noticed a frost giant
 20375 | D:15     | Killed a frost giant
 20384 | D:15     | Received a gift from Okawaru
 20388 | D:15     | Got a faintly glowing arbalest {god gift}
 20389 | D:15     | Identified the +3 arbalest "Hell-Harrower" {elec, rF+ Str-2 Int+2 Stlth+} (Okawaru gifted it to you on level 15 of the Dungeon)
 20459 | D:15     | Noticed Kirke
 20463 | D:15     | Killed Kirke
 20697 | D:15     | Found a staircase to the Depths.
 20758 | D:15     | Noticed Josephine
 20761 | D:15     | Killed Josephine
 20838 | D:15     | Got a dazzling ring mail
 20849 | D:15     | Identified the +5 ring mail of Yshref {Dex+4} (You found it on level 15 of the Dungeon)
 21075 | Spider:1 | Entered Level 1 of the Spider Nest
 21077 | Spider:1 | Noticed Agnes
 21077 | Spider:1 | yuck
 21154 | Swamp:1  | Entered Level 1 of the Swamp
 21230 | Swamp:1  | Received a gift from Okawaru
 21315 | Swamp:1  | Reached XP level 16. HP: 137/137 MP: 23/23
 22140 | Swamp:2  | Received a gift from Okawaru
 22391 | Swamp:2  | Got a wavering golden ring
 22393 | Swamp:2  | Identified the ring "Piteigo" {Wiz rC- Str+5} (You acquired it on level 2 of the Swamp)
 22762 | Swamp:3  | Noticed a thorn hunter
 22766 | Swamp:3  | Received a gift from Okawaru
 22776 | Swamp:3  | Killed a thorn hunter
 23288 | Swamp:4  | Entered Level 4 of the Swamp
 23292 | Swamp:4  | Noticed Aizul
 23429 | Swamp:4  | Noticed a thorn hunter
 23433 | Swamp:4  | Killed a thorn hunter
 23436 | Swamp:4  | Killed Aizul
 23604 | Swamp:4  | Noticed a thorn hunter
 23610 | Swamp:4  | Killed a thorn hunter
 23712 | Swamp:4  | Reached XP level 17. HP: 148/148 MP: 24/24
 23851 | Swamp:4  | Noticed Bai Suzhen
 23869 | Swamp:4  | Received a gift from Okawaru
 23988 | Swamp:4  | Killed Bai Suzhen
 23994 | Swamp:4  | Reached skill level 10 in Dodging
 24232 | Swamp:4  | Received a gift from Okawaru
 24385 | Swamp:4  | Reached skill level 23 in Crossbows
 24504 | Swamp:4  | Noticed a bone dragon
 24513 | Swamp:4  | Killed a bone dragon
 24529 | Swamp:4  | Got a decaying rune of Zot
 24774 | Lair:4   | Killed Agnes
 25301 | Spider:1 | Received a gift from Okawaru
 26586 | Spider:3 | Reached XP level 18. HP: 146/161 MP: 25/25
 27143 | Spider:3 | Received a gift from Okawaru
 27306 | Spider:4 | Entered Level 4 of the Spider Nest
 27490 | Spider:4 | Received a gift from Okawaru
 27622 | Spider:4 | Reached skill level 15 in Armour
 27636 | Spider:4 | Reached skill level 15 in Fighting
 27826 | Spider:4 | Got an encrusted arbalest {god gift}
 27827 | Spider:4 | Identified the +6 arbalest "Esiosmobb" {velocity, rElec} (Okawaru gifted it to you on level 4 of the Spider Nest)
 28063 | Spider:4 | Received a gift from Okawaru
 28276 | Spider:4 | Got a gossamer rune of Zot
 29420 | Vaults:1 | Entered Level 1 of the Vaults
 29922 | Vaults:1 | Reached XP level 19. HP: 162/172 MP: 26/26
 29954 | Vaults:1 | Reached skill level 24 in Crossbows
 30071 | Vaults:1 | Found Dacuitas's Magic Scroll Shoppe.
 30096 | Vaults:1 | Bought a scroll of identify for 26 gold pieces
 30096 | Vaults:1 | Bought a scroll of teleportation for 39 gold pieces
 30096 | Vaults:1 | Bought a scroll of teleportation for 39 gold pieces
 30096 | Vaults:1 | Bought a scroll of identify for 26 gold pieces
 30096 | Vaults:1 | Bought a scroll of enchant armour for 97 gold pieces
 30096 | Vaults:1 | Bought 2 scrolls of blinking for 195 gold pieces
 30096 | Vaults:1 | Bought a scroll of teleportation for 39 gold pieces
 30096 | Vaults:1 | Bought a scroll of identify for 26 gold pieces
 30096 | Vaults:1 | Bought a scroll of identify for 26 gold pieces
 30096 | Vaults:1 | Bought a scroll of recharging for 123 gold pieces
 30268 | Vaults:1 | Received a gift from Okawaru
 30269 | Vaults:1 | Got a shimmering hat {god gift}
 30279 | Vaults:1 | Identified the +0 hat of the Blind Marksman {+Fly rN+ Str-3} (Okawaru gifted it to you on level 1 of the Vaults)
 32256 | Vaults:3 | Received a gift from Okawaru
 32277 | Vaults:3 | Found a staircase to the Crypt.
 32481 | Vaults:3 | Cast into level 2 of the Abyss (a wizard)
 32611 | Abyss:2  | Found a stormy altar of Qazlal.
 32671 | Abyss:2  | Noticed a lich
 32673 | Abyss:2  | Killed a lich
 32709 | Abyss:2  | Paralysed by accursed screaming for 1 turns
 32743 | Vaults:3 | Escaped the Abyss
 32813 | Vaults:3 | Noticed Sojobo
 32823 | Vaults:3 | Received a gift from Okawaru
 32849 | Vaults:3 | not easy to hit
 32852 | Vaults:3 | HP: 6/177 [Sojobo/great sword of draining (9)]
 32903 | Vaults:3 | Reached XP level 20. HP: 179/184 MP: 20/27
 33281 | Vaults:3 | Noticed Mennas
 33297 | Vaults:3 | Killed Mennas
 33462 | Vaults:3 | Got a transparent chain mail
 33629 | Vaults:3 | Got a spiked hat {god gift}
 33641 | Vaults:3 | Paralysed by a great orb of eyes for 6 turns
 33666 | Vaults:3 | Received a gift from Okawaru
 33759 | Vaults:2 | Identified the +0 hat of Kumpe {+Inv rElec Str+4 Int-5} (Okawaru gifted it to you on level 3 of the Vaults)
 33769 | Vaults:2 | Identified the +8 chain mail of Polytheism {rElec rN+ Str-5 Dex+3} (You found it on level 3 of the Vaults)
 33865 | Vaults:4 | Reached skill level 15 in Dodging
 34068 | Vaults:4 | Paralysed by a hornet for 1 turns
 34323 | Vaults:4 | Received a gift from Okawaru
 34416 | Vaults:4 | Reached skill level 25 in Crossbows
 34456 | Vaults:4 | Cast into level 2 of the Abyss (vault guard)
 34490 | Abyss:2  | Noticed a bone dragon
 34496 | Abyss:2  | Killed a bone dragon
 34640 | Abyss:2  | Found a corrupted altar of Lugonu.
 34654 | Abyss:2  | Noticed a bone dragon
 34661 | Abyss:2  | Killed a bone dragon
 34661 | Abyss:2  | Reached skill level 10 in Axes
 34789 | Vaults:4 | Escaped the Abyss
 34975 | Vaults:4 | Received a gift from Okawaru
 34975 | Vaults:4 | Reached XP level 21. HP: 194/194 MP: 28/28
 35342 | Vaults:4 | Found Bepasm's Book Shoppe.
 35380 | Vaults:4 | Found Urrauc's Jewellery Shoppe.
 36266 | Elf:1    | Entered Level 1 of the Elven Halls
 36357 | Elf:1    | Received a gift from Okawaru
 37348 | Elf:2    | Reached skill level 15 in Axes
 37363 | Elf:2    | Noticed Roxanne
 37378 | Elf:2    | Killed Roxanne
 37558 | Elf:2    | Found a runed door.
 37587 | Elf:2    | Found a runed door.
 37651 | Elf:2    | Received a gift from Okawaru
 37746 | Elf:2    | Noticed Asterion
 37757 | Elf:2    | Killed Asterion
 37765 | Elf:2    | Received a gift from Okawaru
 37785 | Elf:2    | Noticed Louise
 37790 | Elf:2    | Killed Louise
 38199 | Elf:3    | Entered Level 3 of the Elven Halls
 38382 | Elf:3    | Noticed Nikola
 38388 | Elf:3    | Killed Nikola
 38628 | Elf:3    | Found a frozen archway.
 38640 | IceCv    | Entered an ice cave
 38706 | IceCv    | Reached XP level 22. HP: 202/202 MP: 29/29
 38862 | Elf:3    | Noticed Jorgrun
 38869 | Elf:3    | Killed Jorgrun
 38913 | Elf:3    | Noticed theAP's ghost (adept GrFi)
 38920 | Elf:3    | Killed theAP's ghost
 39008 | Elf:3    | Received a gift from Okawaru
 39079 | Elf:3    | Received a gift from Okawaru
 39203 | Elf:3    | Identified the Collected Works on the Entourage
 39227 | Elf:3    | Got a coiled platinum ring
 39229 | Elf:3    | Identified the ring of Zaorenag {rN+ MR+ Int+4 Dex-4} (You found it on level 3 of the Elven Halls)
 39290 | Elf:3    | Identified the Almanac of Air and Intoxication
 39292 | Elf:3    | Noticed Donald
 39295 | Elf:3    | Killed Donald
 39296 | Elf:3    | Identified the Reference Book on Combat Magic
 39302 | Elf:3    | Got a scintillating steel ring
 39304 | Elf:3    | Identified the ring of Suspected Treachery {rElec MR+ Slay+2 Stlth-} (You found it on level 3 of the Elven Halls)
 39314 | Elf:3    | Got a twitching bronze amulet
 39315 | Elf:3    | Identified the amulet "Xiul" {Faith Dex+2} (You found it on level 3 of the Elven Halls)
 39318 | Elf:3    | Got a bound bronze ring
 39329 | Elf:3    | Identified the ring of the Jester {+Fly MR+ Str+2 Int+6 Stlth+} (You took it off Donald on level 3 of the Elven Halls)
 39334 | Elf:3    | Got a vibrating iron ring
 39336 | Elf:3    | Identified the ring of Mubic {Ice -Tele MR+ Dex+7} (You found it on level 3 of the Elven Halls)
 39362 | Elf:3    | Got a fine amber ring
 39629 | Elf:3    | Identified the ring "Xotoidel" {rC+ rN++ MP+9 Int+4} (You took it off a deep elf death mage on level 3 of the Elven Halls)
 39700 | Elf:1    | Got a twisted battleaxe {god gift}
 39701 | Elf:1    | Identified the +3 battleaxe of Urgency {freeze, rF+ Int+5 Stlth+} (Okawaru gifted it to you on level 1 of the Elven Halls)
 39873 | Depths:1 | Entered Level 1 of the Depths
 39939 | Depths:1 | Identified the ring "Yvol" {Ice *Corrode rElec MR+ Str+3} (You found it on level 1 of the Depths)
 40157 | Depths:1 | Found a one-way gate leading to the halls of Pandemonium.
 40483 | Depths:1 | Found a gateway to Hell.
 40881 | Depths:1 | Identified the ring "Niasoip" {rElec EV+5 Dex+2} (You found it on level 1 of the Depths)
 41273 | Depths:2 | Received a gift from Okawaru
 41524 | Depths:2 | Found a gateway to a ziggurat.
 41563 | Depths:2 | Found Eviph's Magic Scroll Shop.
 41593 | Depths:2 | Received a gift from Okawaru
 41595 | Depths:2 | Got a scorched hat {god gift}
 41623 | Depths:2 | Bought a scroll of teleportation for 45 gold pieces
 41623 | Depths:2 | Bought a scroll of teleportation for 45 gold pieces
 41623 | Depths:2 | Bought a scroll of enchant armour for 112 gold pieces
 41623 | Depths:2 | Bought a scroll of identify for 30 gold pieces
 41623 | Depths:2 | Bought a scroll of enchant armour for 112 gold pieces
 41623 | Depths:2 | Bought a scroll of magic mapping for 52 gold pieces
 41623 | Depths:2 | Bought a scroll of teleportation for 45 gold pieces
 41623 | Depths:2 | Bought a scroll of blinking for 112 gold pieces
 41623 | Depths:2 | Bought a scroll of identify for 30 gold pieces
 41633 | Depths:2 | Identified the +2 hat "Viofitz" {rF+ rCorr} (Okawaru gifted it to you on level 2 of the Depths)
 41660 | Depths:2 | Reached XP level 23. HP: 209/209 MP: 30/30
 41912 | Depths:2 | Found a one-way gate to the infinite horrors of the Abyss.
 42389 | Depths:3 | Noticed Margery
 42404 | Depths:3 | Killed Margery
 42431 | Depths:3 | Got a slimy battleaxe {flame}
 42463 | Depths:3 | Found an iron altar of Okawaru.
 42701 | Depths:3 | Found an ancient bone altar of Kikubaaqudgha.
 42760 | Depths:3 | Noticed an ancient lich
 42782 | Depths:3 | Killed an ancient lich
 42829 | Depths:3 | Identified the +6 battleaxe "Senud" {flame, Int+2} (You took it off a vampire mage on level 3 of the Depths)
 42834 | Depths:3 | Received a gift from Okawaru
 42897 | Depths:3 | Got an ancient silver ring
 42934 | Depths:3 | Noticed Jory
 42945 | Depths:3 | Killed Jory
 42966 | Depths:3 | Received a gift from Okawaru
 43015 | Depths:3 | Got a brightly glowing chain mail
 43047 | Depths:3 | Identified the cursed +1 chain mail of Nevaveoxt {MP+9 Str+3} (You found it on level 3 of the Depths)
 43049 | Depths:3 | Identified the ring of Eczeh {rElec rPois} (You took it off a spriggan berserker on level 3 of the Depths)
 43051 | Depths:3 | Got a faintly humming hat
 43062 | Depths:3 | Identified the +0 hat of Royalty {Str+5} (You acquired it on level 3 of the Depths)
 43093 | Depths:3 | Found a burning altar of Makhleb.
 43265 | Depths:3 | Identified the cursed +0 leather armour "Heank" {Regen+} (You found it on level 3 of the Depths)
 43297 | Depths:3 | Reached XP level 24. HP: 162/221 MP: 31/31
 43364 | Depths:3 | Found a shattered altar of Ashenzari.
 43515 | Depths:3 | Noticed Mara
 43522 | Depths:3 | Noticed nht's illusion
 43528 | Depths:3 | Killed Mara
 43784 | Depths:3 | Identified the +0 chain mail of Hide-and-Seek {rN+} (Okawaru gifted it to you on level 3 of the Depths)
 44026 | Depths:4 | Identified the +6 scale mail "Imudemeh" {Regen+} (You took it off a tengu warrior on level 4 of the Depths)
 44227 | Depths:4 | Found a sparkling altar of Nemelex Xobeh.
 44247 | Depths:4 | Received a gift from Okawaru
 44932 | Depths:5 | Entered Level 5 of the Depths
 45077 | Depths:5 | Received a gift from Okawaru
 45359 | Depths:5 | Identified the +2 scale mail of Nuwuchou {Dex+5} (You found it on level 5 of the Depths)
 45386 | Depths:5 | Found a gate to the Realm of Zot.
 45893 | Vaults:5 | Entered Level 5 of the Vaults
 45911 | Vaults:5 | Received a gift from Okawaru
 45925 | Vaults:5 | Reached skill level 26 in Crossbows
 45958 | Vaults:5 | Reached XP level 25. HP: 134/231 MP: 26/32
 46099 | Vaults:5 | Received a gift from Okawaru
 46128 | Vaults:5 | Received a gift from Okawaru
 46283 | Vaults:5 | Got a polished scarf {god gift}
 46375 | Vaults:5 | Identified the scarf of Yto Zilu {rElec} (Okawaru gifted it to you on level 5 of the Vaults)
 46454 | Vaults:5 | Identified Ojevvox's Tome of the Dusty Snowflakes
 46671 | Vaults:5 | Got a silver rune of Zot
 46770 | Vaults:5 | Identified the ring of Ninia {*Contam rF+ rC+++ Str+8 Slay-5} (You took it off a yaktaur on level 5 of the Vaults)
 46875 | Vaults:5 | Identified the +1 swamp dragon scales of Rotation {rElec rPois rF- rN+ rCorr} (You found it on level 5 of the Vaults)
 46918 | Vaults:5 | Identified Sif Muna's Guide on the Oath
 47003 | Vaults:5 | Identified the cursed +3 broad axe of Greatest Utility {freeze, rC++} (You found it on level 5 of the Vaults)
 47125 | Vaults:5 | HP: 7/231 [shadow dragon/bolt of negative energy (23)]
 47562 | Vaults:5 | Got a crude turquoise ring
 47564 | Vaults:5 | Identified the +4 ring mail of Card Tricks {SInv Stlth+} (You found it on level 5 of the Vaults)
 47566 | Vaults:5 | Identified the ring "Byxatiez" {Fire rElec rPois Str+4 Int+2} (You found it on level 5 of the Vaults)
 47890 | Vaults:5 | Identified the +3 scale mail of Guitas {rC+ Dex+3} (You found it on level 5 of the Vaults)
 47904 | Vaults:5 | Identified the +8 chain mail of Supple Strength {MR+} (You found it on level 5 of the Vaults)
 48452 | Zot:1    | Entered Level 1 of the Realm of Zot
 48720 | Zot:1    | Received a gift from Okawaru
 48739 | Zot:1    | Reached XP level 26. HP: 167/239 MP: 32/32
 49101 | Zot:1    | Reached skill level 1 in Translocations
 49396 | Zot:2    | Reached skill level 5 in Translocations
 50139 | Zot:2    | Noticed an orb of fire
 50150 | Zot:2    | Gained mutation: Armour fits poorly on your strangely shaped body. [an orb of fire]
 50155 | Zot:2    | Gained mutation: Scrolls take you a little longer to read. [an orb of fire]
 50156 | Zot:2    | Killed an orb of fire
 50156 | Zot:2    | Reached skill level 10 in Translocations
 50197 | Zot:3    | Lost mutation: Scrolls take you a little longer to read. [potion of mutation]
 50197 | Zot:3    | Lost mutation: You expend magic power (3 MP) to strengthen your wands. [potion of mutation]
 50197 | Zot:3    | Gained mutation: Your mind is acute. (Int +2) [potion of mutation]
 50197 | Zot:3    | Gained mutation: Your mind is very acute. (Int +4) [potion of mutation]
 50197 | Zot:3    | Gained mutation: You have a pair of large horns on your head. [potion of mutation]
 50197 | Zot:3    | Gained mutation: You can translocate small distances at will. [potion of mutation]
 50198 | Zot:3    | Lost mutation: You can translocate small distances at will. [potion of mutation]
 50198 | Zot:3    | Lost mutation: Armour fits poorly on your strangely shaped body. [potion of mutation]
 50198 | Zot:3    | Gained mutation: Your flesh is cold resistant. (rC+) [potion of mutation]
 50198 | Zot:3    | Gained mutation: Your spells are a little harder to cast, but a little more powerful. [potion of mutation]
 50198 | Zot:3    | Gained mutation: You are covered in fur. (AC +1) [potion of mutation]
 50226 | Zot:3    | Received a gift from Okawaru
 50381 | Zot:3    | Noticed an orb of fire
 50407 | Zot:3    | Killed an orb of fire
 50705 | Zot:3    | Identified the cursed +1 scale mail "Xoyl" {Dex+3} (You found it on level 3 of the Realm of Zot)
 50818 | Zot:4    | Received a gift from Okawaru
 51311 | Zot:4    | Reached XP level 27. HP: 235/246 MP: 30/32
 51390 | Zot:4    | Slain by a white draconian monk

Vault maps used:
D:1:      nagdon_arrival_zigzag_paths
D:2:      marbit_many_paths, lemuel_round_altar, uniq_jessica
D:3:      chequers_ecumenical_altar_simple_redux
D:4:      serial_shops, kennysheep_mini_moat, first_bread, uniq_blork_the_orc,
          uniq_robin, uniq_pikel
D:6:      ashenzari_altar_1, temple_doors_cd
D:7:      zin_angel, vehumet_altar_wand_db, basic_altar
D:8:      st_stairs_7, grunt_livestock
D:9:      dpeg_lair_monsters
D:10:     orc_0_dummy
D:12:     serial_corexii_hall, corexii_hall_statues_u, corexii_hall_statues_i,
          minmay_misc_feat_enclosed, lemuel_mausoleum_altar_kikubaaqudgha
D:13:     david_vaults_5, nicolae_ru_awakened_eye
D:14:     lemuel_doored_altar
D:15:     grunt_enter_depths_hoard, nicolae_water_bricks, uniq_josephine,
          uniq_kirke
Temple:   minmay_crystal_spiral_temple
Lair:2:   minmay_swamp_entry_swarm, grunt_megastairs_4
Lair:3:   beast_lair_carwin_7, lemuel_fruit_fields, lemuel_fruit_tree,
          minmay_lair_oklob_chamber, uniq_fannar
Lair:4:   nicolae_spider_entry_tight_spaces, infiniplex_staircase_pool,
          serial_bayou_shore_a, grunt_megastairs_1
Lair:5:   st_stairs_10, grunt_megastairs_3
Lair:6:   minmay_lair_end_enchanted_forest, minmay_slime_entry_oklob_enclosed,
          serial_bayou, serial_bayou_pond_b, serial_bayou_pond_c,
          serial_bayou_pond_b, serial_bayou_pond_d
Swamp:1:  evilmike_swamp_ruin_rubble_1
Swamp:2:  evilmike_swamp_ruin_rubble_2, swamp_pool3
Swamp:3:  hangedman_swamp_ruin_hall
Swamp:4:  swamp_pestilence, swamp_pool1, evilmike_swamp_ruin_house_1,
          nicolae_swamp_snake_nest, uniq_aizul, uniq_bai_suzhen
Spider:1: uniq_agnes
Spider:2: spider_trap
Spider:4: grunt_spider_rune_circles, zaba_antful_of_joy
Orc:1:    basic_altar, serial_shops, shop
Orc:2:    grunt_orc_community_town_hall, grunt_orc_community_big_house_1,
          grunt_orc_community_big_house_1, grunt_orc_community_house_1,
          grunt_orc_community_house_3, grunt_orc_community_house_3,
          grunt_orc_community_house_3, grunt_orc_community_house_2,
          grunt_orc_community_house_3, uniq_azrael
Elf:1:    hangedman_elf_represent
Elf:2:    uniq_asterion, uniq_louise, uniq_roxanne
Elf:3:    minmay_elf_hall_dome, portal_ice_cave_entry_ice_statue_one,
          grunt_ministairs_4, minivault_24, uniq_donald, uniq_nikola,
          uniq_jorgrun
Vaults:1: ontoclasm_vaults_hangar, vaults_standard_mumra_lines,
          ontoclasm_vaults_idyll, v_rooms_1,
          hangedman_vaults_stretched_pinwheel, nicolae_vaults_network_periphery,
          serial_shops, shop_coins
Vaults:2: nicolae_vaults_yaktaur_gun_rack, v_misc_5, v_misc_30,
          ontoclasm_vaults_eye, v_misc_22, vaults_dpeg_hooks, v_pattern_2,
          v_misc_18, v_misc_17, grunt_vaults_hallway_long,
          ontoclasm_vaults_loading_screen, ontoclasm_vaults_decontamination
Vaults:3: hangedman_vaults_unwind, nicolae_vaults_inception_scallops,
          nicolae_vaults_little_squares_2, v_misc_10, nicolae_vaults_big_ls,
          hangedman_vaults_hat, ontoclasm_vaults_gateway,
          minmay_crypt_entry_simple_corners, v_pattern_3, grunt_vaults_funnel,
          v_misc_24, ontoclasm_vaults_shuriken, vaults_room_hallway,
          uniq_mennas, uniq_sojobo
Vaults:4: vaults_dpeg_spiral, v_pattern_5, nicolae_vaults_mini_display_case,
          v_misc_10, v_misc_31, vaults_room_mumra_shop_pool, st_lines,
          nicolae_vaults_little_squares_3, nicolae_vaults_triangles,
          portal_desolation_entry_garden, serial_shops, shop_fountains
Vaults:5: serial_shops
Depths:1: nicolae_benzene_ring, grunt_pan_entry_zigzag,
          grunt_hell_entry_dis_old, hangedman_abyss_or_decor_stagger, laboratory
Depths:2: minmay_open_boxes_in_corner, enter_ziggurat_e, serial_shops,
          nicolae_shop_stone, solitary_fountain, hell_entry,
          nicolae_abyss_entry_one_way_or_another, infiniplex_staircase_squiggle
Depths:3: grunt_profane_halls, pan_entry, hell_entry, serial_shops, uniq_mara,
          uniq_jory, uniq_margery
Depths:4: cheibrodos_birdhouse, abyss_entry_small_statue_room, hell_entry,
          nemelex_xobeh_ov_fountains_minmay
Depths:5: evilmike_zot_entry_basic, pf_hell_entry_tar_spiral
Zot:2:    grunt_ministairs_3
Zot:4:    regret_index_qazlal_generations, lemuel_baited_zot_trap
Abyss:2:  hangedman_cross_veins, hangedman_steaming_rock
IceCv:    ice_cave_statue_garden_chambered

Skill      XL: |  1  2  3  4  5  6  7  8  9 10 11 12 13 14 15 16 17 18 19 20 21 22 23 24 25 26 |
---------------+-------------------------------------------------------------------------------+-----
Crossbows      | 5 6 8 9 10 11 13 15 16 17 19 21 22 23 24 25 26 | 26.2
Axes           | 4 7 11 17 21 22 23 25 | 25.9
Invocations    | 3 6 7 9 10 11 12 13 14 | 14.1
Armour         | 5 7 9 11 12 14 15 17 18 19 23 | 23.8
Fighting       | 5 7 9 11 12 14 15 17 18 19 20 | 20.3
Dodging        | 6 9 11 12 14 15 16 17 | 17.7
Translocations | 10 | 10.7
Stealth        | |  0.7

Action                   |  1- 3 |  4- 6 |  7- 9 | 10-12 | 13-15 | 16-18 | 19-21 | 22-24 | 25-27 || total
-------------------------+-------+-------+-------+-------+-------+-------+-------+-------+-------++-------
Melee: Whip              |       |       |     7 |       |       |       |       |       |       ||     7
       War axe           |       |       |     4 |    32 |       |       |       |       |       ||    36
       Headbutt          |       |       |     3 |    11 |       |       |       |    39 |    97 ||   150
       Punch             |       |       |       |     1 |       |       |       |       |       ||     1
       Triple crossbow   |       |       |       |       |       |       |     1 |       |       ||     1
       Battleaxe         |       |       |       |       |       |       |       |    30 |       ||    30
       Executioner's axe |       |       |       |       |       |       |       |   116 |   302 ||   418
 Fire: Hand crossbow     |    43 |   130 |   269 |    35 |       |       |       |       |       ||   477
       Arbalest          |       |       |       |   450 |   216 |       |       |       |       ||   666
       Triple crossbow   |       |       |       |       |   872 |  1281 |  1296 |  1223 |   525 ||  5197
Invok: Heroism           |       |       |     2 |    10 |    12 |    12 |     7 |     9 |     7 ||    59
       Finesse           |       |       |       |       |     8 |    11 |    11 |    11 |     8 ||    49
Evoke: Wand              |       |       |     1 |     2 |     7 |     4 |    20 |     3 |    25 ||    62
       Phial of floods   |       |       |       |     1 |       |       |       |       |       ||     1
  Use: Scroll            |       |     4 |    10 |    14 |    17 |    16 |     8 |    32 |    21 ||   122
       Potion            |       |     1 |     2 |     2 |     7 |     7 |     6 |     1 |     8 ||    34
  Eat: Chunk             |       |     3 |    14 |    11 |    30 |    21 |    25 |    22 |     8 ||   134
       Bread ration      |       |       |       |     2 |       |       |       |       |       ||     2
       Fruit             |       |       |       |       |       |     2 |       |       |    10 ||    12
       Meat ration       |       |       |       |       |       |     1 |       |       |       ||     1
Armor: Leather armour    |     1 |    10 |       |       |       |       |       |       |       ||    11
       Chain mail        |       |       |    77 |   109 |   130 |       |    90 |     3 |       ||   409
       Skin              |       |       |    29 |       |    27 |       |       |       |       ||    56
       Plate armour      |       |       |       |    19 |       |       |       |       |       ||    19
       Ring mail         |       |       |       |    10 |    20 |       |       |       |       ||    30
       Scale mail        |       |       |       |       |    33 |   362 |    70 |       |       ||   465
       Crystal plate arm |       |       |       |       |       |       |       |   203 |       ||   203
       Gold dragon scale |       |       |       |       |       |       |       |   126 |   331 ||   457
Dodge: Dodged            |     8 |    18 |    62 |   141 |   368 |   971 |   551 |   570 |   440 ||  3129
